AoeStats
← яблоко

Arabia

506956370Analyzed
1v1 RM · 15d ago on Sep 15, 2026· 45m 43s· 2 players
Game mode
Random Map
Map size
Tiny (2 player)
Population
200
Speed
Normal
Resources
Standard
Victory
Conquest
Starting age
Dark Age
Ending age
Imperial Age
RankedLock teamsTeams togetherTeam positionsShared explorationLock speedFull tech treeHidden civsTurbo modeCheats
Victory
Defeat
🇦🇷 Franks · Argentina
991
+16
🇺🇸 Bulgarians · United States
983
-16
яблоко
7:38 Loom
10:37 Feudal Age
13:28 Wheelbarrow
13:34 Double-Bit Axe
16:08 Horse Collar
19:45 Town Watch
23:36 Castle Age
21:50 Scale Barding Armor
22:40 Bloodlines
22:47 Forging
24:08 Pikeman
27:07 Chain Barding Armor
27:23 Iron Casting
34:23 Scale Mail Armor
39:22 Imperial Age
37:16 Fletching
38:46 Hand Cart
39:38 Halberdier
41:08 Light Cavalry
41:49 Husbandry
43:28 Theocracy
43:07 Redemption
43:12 Fervor
DostiL [CL]
7:43 Loom
10:17 Feudal Age
10:55 Double-Bit Axe
20:48 Castle Age
19:15 Gold Mining
20:56 Scale Barding Armor
21:58 Bow Saw
22:42 Chain Barding Armor
23:03 Gold Shaft Mining
24:39 Forging
25:38 Light Cavalry
26:18 Husbandry
32:33 Wheelbarrow
32:21 Husbandry
34:14 Iron Casting
37:21 Imperial Age
35:07 Hand Cart
35:47 Gold Shaft Mining
35:04 Stone Mining
36:22 Fletching
38:08 Elite Skirmisher
38:11 Cavalier
40:36 Blast Furnace
40:11 Plate Barding Armor
40:03 Ballistics
41:53 Chemistry
41:34 Bodkin Arrow
42:02 Heavy Scorpion
Connection lost

Rejoining the realm…

Still unreachable

The connection could not be restored.

Session expired

The server has moved on; the page needs a fresh start.